 Dungeon Crawl Stone Soup version 0.31-a0-7-g51783674b7 (webtiles) character file.

Game seed: 12796620140542516015

1288 Darkkill the Shooter (level 8, -16/71 HPs)
             Began as a Minotaur Hunter on May 5, 2023.
             Was an Initiate of Gozag.
             Demolished by an ogre
             ... wielding a +0 giant club
              (25 damage)
             ... on level 6 of the Dungeon.
             The game lasted 00:09:49 (4161 turns).

Darkkill the Shooter (Minotaur Hunter)              Turns: 4161, Time: 00:09:49

Health: -16/71     AC:  6    Str: 17    XL:     8   Next: 30%
Magic:  7/7        EV: 14    Int:  6    God:    Gozag
Gold:   385        SH:  0    Dex: 15    Spells: 7/7 levels left

rFire   . . .        a - +0 shortbow
rCold   . . .        (shield currently unavailable)
rNeg    . . .        c - +3 leather armour
rPois   .            (helmet restricted)
rElec   .            (no cloak)
rCorr   .            (no gloves)
SInv    .            (no boots)
Will    .....        k - amulet of regeneration
Stlth   +++          (no ring)
HPRegen 1.11/turn    (no ring)
MPRegen 0.10/turn

%: no passive effects
@: no status effects
A: horns 2, retaliatory headbutt
a: Renounce Religion, Potion Petition, Call Merchant, Bribe Branch


You were on level 6 of the Dungeon.
You worshipped Gozag.
Gozag was aware of your devotion.
You visited 2 branches of the dungeon, and saw 7 of its levels.
You also visited: Sewer.

You collected 470 gold pieces.
You paid 85 gold pieces to Gozag.

Inventory:

Hand Weapons
 a - a +0 shortbow (weapon)
Missiles
 e - 43 stones
 j - 2 javelins
 p - a boomerang
 q - 8 poisoned darts
 r - a curare-tipped dart {=f !f}
Armour
 c - a +3 leather armour (worn)
Jewellery
 k - an amulet of regeneration (around neck)
Scrolls
 b - 2 scrolls of immolation
Potions
 d - 5 potions of haste
 g - 3 potions of flight
 h - 2 potions of magic
 i - a potion of attraction
 l - 2 potions of heal wounds
 m - 3 potions of mutation
 n - 2 potions of cancellation
 o - a potion of berserk rage
 t - 3 potions of brilliance
 u - a potion of ambrosia


   Skills:
 + Level 6.4 Fighting
 + Level 7.0 Ranged Weapons
 + Level 5.9 Dodging
 + Level 4.5 Stealth


You had 7 spell levels left.
You didn't know any spells.
Your spell library contained the following spells:

 Spells                   Type           Power      Damage    Failure   Level
 Magic Dart               Conj           0%         1d3       52%         1
 Searing Ray              Conj           0%         2d4       67%         2
 Fulminant Prism          Conj/Hex       0%         3d5       99%         4


Dungeon Overview and Level Annotations

Branches:
Dungeon (6/15)             Temple (1/1) D:5           Sewer (visited)

Altars:
Ashenzari
Dithmenos
Elyvilon
Fedhas
Gozag
Hepliaklqana
Makhleb
Qazlal
Ru
Sif Muna
Trog
Uskayaw
Vehumet
Wu Jian
Yredelemnul
Zin

Annotations:
D:5 1 runed translucent door, Gadrel's ghost, novice OpTm


Innate Abilities, Weirdness & Mutations

You have a pair of horns on your head.
You reflexively headbutt those who attack you in melee.


Message History

Aiming: Throw Flame
Press: ? - help, Q - select action, (/) - cycle Shift-Dir - straight line, f/p - orc warrior
Aim: an orc warrior, wielding a +0 trident and wearing a +0 plate armour (moderately wounded, 68% to hit)
The puff of flame hits the orc warrior but does no damage.
The orc warrior is moderately wounded.
The orc warrior closely misses you.
Aiming: Throw Flame
Press: ? - help, Q - select action, (/) - cycle Shift-Dir - straight line, f/p - orc warrior
Aim: an orc warrior, wielding a +0 trident and wearing a +0 plate armour (moderately wounded, 68% to hit)
The puff of flame hits the orc warrior.
The orc warrior is heavily wounded.
The orc warrior hits you but does no damage.
Aiming: Throw Flame
Press: ? - help, Q - select action, (/) - cycle Shift-Dir - straight line, f/p - orc warrior
Aim: an orc warrior, wielding a +0 trident and wearing a +0 plate armour (heavily wounded, 68% to hit)
The puff of flame hits the orc warrior but does no damage.
The orc warrior is heavily wounded.
The orc warrior closely misses you.
Aiming: Throw Flame
Press: ? - help, Q - select action, (/) - cycle Shift-Dir - straight line, f/p - orc warrior
Aim: an orc warrior, wielding a +0 trident and wearing a +0 plate armour (heavily wounded, 68% to hit)
The puff of flame hits the orc warrior but does no damage.
The orc warrior is heavily wounded.
The orc warrior hits you from afar with a +0 trident.
Aiming: Throw Flame
Press: ? - help, Q - select action, (/) - cycle Shift-Dir - straight line, f/p - orc warrior
Aim: an orc warrior, wielding a +0 trident and wearing a +0 plate armour (heavily wounded, 68% to hit)
The puff of flame hits the orc warrior but does no damage.
The orc warrior is heavily wounded.
The orc warrior hits you from afar with a +0 trident.
Unknown command.
Aiming: Throw Flame
Press: ? - help, Q - select action, (/) - cycle Shift-Dir - straight line, f/p - orc warrior
Aim: an orc warrior, wielding a +0 trident and wearing a +0 plate armour (heavily wounded, 68% to hit)
The puff of flame hits the orc warrior but does no damage.
The orc warrior is heavily wounded.
The orc warrior hits you from afar with a +0 trident.
Aiming: Throw Flame
Press: ? - help, Q - select action, (/) - cycle Shift-Dir - straight line, f/p - orc warrior
Aim: an orc warrior, wielding a +0 trident and wearing a +0 plate armour (heavily wounded, 68% to hit)
The puff of flame hits the orc warrior but does no damage.
The orc warrior is heavily wounded.
The orc warrior hits you but does no damage.
Aiming: Throw Flame
Press: ? - help, Q - select action, (/) - cycle Shift-Dir - straight line, f/p - orc warrior
Aim: an orc warrior, wielding a +0 trident and wearing a +0 plate armour (heavily wounded, 68% to hit)
The puff of flame hits the orc warrior.
The orc warrior is heavily wounded.
The orc warrior hits you from afar with a +0 trident.
Aiming: Throw Flame
Press: ? - help, Q - select action, (/) - cycle Shift-Dir - straight line, f/p - orc warrior
Aim: an orc warrior, wielding a +0 trident and wearing a +0 plate armour (heavily wounded, 68% to hit)
The puff of flame hits the orc warrior.
The orc warrior is severely wounded.
The orc warrior hits you from afar with a +0 trident.
Unknown command.
Aiming: Throw Flame
Press: ? - help, Q - select action, (/) - cycle Shift-Dir - straight line, f/p - orc warrior
Aim: an orc warrior, wielding a +0 trident and wearing a +0 plate armour (severely wounded, 68% to hit)
The puff of flame hits the orc warrior but does no damage.
The orc warrior is severely wounded.
The orc warrior hits you from afar with a +0 trident.
Aiming: Throw Flame
Press: ? - help, Q - select action, (/) - cycle Shift-Dir - straight line, f/p - orc warrior
Aim: an orc warrior, wielding a +0 trident and wearing a +0 plate armour (severely wounded, 68% to hit)
The puff of flame hits the orc warrior.
The orc warrior is almost dead.
An ogre comes into view. It is wielding a +0 giant club.
The orc warrior hits you from afar with a +0 trident.
Unknown command.
Unknown command.
Aiming: Throw Flame
Press: ? - help, Q - select action, (/) - cycle Shift-Dir - straight line, f/p - orc warrior
Aim: an orc warrior, wielding a +0 trident and wearing a +0 plate armour (almost dead, 68% to hit)
The puff of flame hits the orc warrior.
The orc warrior is almost dead.
The ogre shouts!
The now-empty wand crumbles to dust.
The orc warrior hits you from afar with a +0 trident.
Unknown command.
The ogre hits you with a +0 giant club!
* * * LOW HITPOINT WARNING * * *
You feel much better. The orc warrior barely misses you.
The ogre hits you with a +0 giant club!!
* * * LOW HITPOINT WARNING * * *
Fire: a) +0 shortbow
Press: ? - help, Q - select action, (/) - cycle Shift-Dir - straight line, f/p - orc warrior
Aim: an orc warrior, wielding a +0 trident and wearing a +0 plate armour (almost dead, 65% to hit)
Okay, then.
The orc warrior misses you.
Fire: a) +0 shortbow
Press: ? - help, Q - select action, (/) - cycle Shift-Dir - straight line, f/p - orc warrior
Aim: an orc warrior, wielding a +0 trident and wearing a +0 plate armour (almost dead, 65% to hit)
You shoot an arrow.
The arrow closely misses the orc warrior.
The orc warrior hits you from afar with a +0 trident!
* * * LOW HITPOINT WARNING * * *
The ogre hits you with a +0 giant club!!
You die...
Your body crumbles into a pile of gold.

#.......# #.#####
#.#<..# #...#.#
#.#.#.# ###.#.#
#.#.# # #.#.#
.####.#@#.#.####
..../.O.oo.$.....
.####)#.#########
#.#.. # #...
+.... #.....
..##### #.#


You could see an orc warrior, an ogre and an orc.

Vanquished Creatures
  Sigmund (D:5)
  A wyvern (D:4)
  A water moccasin (D:5)
  An ice beast (D:5)
  An ogre (D:4)
  A kobold brigand (Sewer)
  3 scorpions
  An orc priest (D:4)
  Natasha (thrice) (D:4)
  2 iguanas (D:5)
  3 orc wizards
  Robin (D:3)
  6 adders
  A river rat (Sewer)
  2 ufetubi
  4 worms
  A dart slug (D:5)
  11 orcs
  8 ball pythons
  13 bats
  14 endoplasms
  6 giant cockroaches
  14 goblins
  10 hobgoblins
  7 jackals (D:2)
  10 kobolds
  2 quokkas
  6 frilled lizards
  7 rats
141 creatures vanquished.

Vanquished Creatures (others)
  A plant (D:6)
1 creature vanquished.

Grand Total: 142 creatures vanquished

Notes
Turn   | Place    | Note
-------+----------+-------------------------------------------
     0 | D:1      | Darkkill the Minotaur Hunter began the quest for the Orb.
     0 | D:1      | Reached XP level 1. HP: 18/18 MP: 0/0
    33 | D:1      | Reached skill level 1 in Stealth
    41 | D:1      | Reached XP level 2. HP: 24/25 MP: 1/1
   289 | D:1      | Reached XP level 3. HP: 28/31 MP: 2/2
  1099 | D:2      | Reached XP level 4. HP: 34/38 MP: 3/3
  1152 | D:2      | Found a shimmering blue altar of Sif Muna.
  1407 | D:3      | Noticed Robin
  1417 | D:3      | Killed Robin
  1418 | D:3      | Reached skill level 5 in Ranged Weapons
  1543 | D:3      | Reached XP level 5. HP: 20/46 MP: 4/4
  1953 | D:4      | Noticed an ogre
  1958 | D:4      | Killed an ogre
  2002 | D:4      | Reached XP level 6. HP: 40/53 MP: 5/5
  2075 | D:4      | Noticed Natasha
  2087 | D:4      | Killed Natasha
  2112 | D:4      | Found a sacrificial altar of Ru.
  2112 | D:4      | Found a blossoming altar of Fedhas.
  2115 | D:4      | Noticed a wyvern
  2233 | D:4      | Killed a wyvern
  2238 | D:4      | Noticed Natasha
  2244 | D:4      | Killed Natasha
  2257 | D:4      | Noticed Natasha
  2264 | D:4      | Killed Natasha
  2265 | D:4      | Reached skill level 5 in Fighting
  2265 | D:4      | Reached XP level 7. HP: 32/61 MP: 6/6
  2516 | D:4      | Reached skill level 6 in Ranged Weapons
  2609 | D:5      | Entered Level 5 of the Dungeon
  2642 | D:5      | HP: 6/61 [water moccasin (7)]
  2643 | D:5      | Reached skill level 5 in Dodging
  2710 | D:5      | Found a staircase to the Ecumenical Temple.
  2717 | Temple   | Entered the Ecumenical Temple
  2746 | Temple   | Became a worshipper of Gozag Ym Sagoz the Greedy
  2775 | D:5      | Noticed Sigmund
  2785 | D:5      | Killed Sigmund
  2813 | D:5      | Found a glowing drain.
  2853 | D:5      | Reached XP level 8. HP: 70/70 MP: 7/7
  2862 | Sewer    | Entered a sewer
  3243 | D:5      | Found a runed translucent door.
  3243 | D:5      | Noticed Gadrel's ghost (novice OpTm)
  3398 | D:5      | Reached skill level 7 in Ranged Weapons
  3492 | D:5      | Found a hazy altar of Hepliaklqana.
  3758 | D:5      | Found a white marble altar of Elyvilon.
  4161 | D:6      | HP: 9/71 [orc warrior/+0 trident (9)]
  4161 | D:6      | Demolished by an ogre

Illustrated notes

Levels and vault maps discovered:
D:1:      dpeg_arrival_shrine, layout_rooms, dk_noncrumbling_3,
          minmay_misc_feat_plants, minmay_hexomino_c4
D:2:      layout_basic, basic_altar, chequers_hall_statues_wall_a
D:3:      layout_basic, kennysheep_generic_room_4, uniq_robin
D:4:      layout_rooms, jmf_multi_god_temple, kennysheep_small_square,
          uniq_natasha
D:5:      layout_layer_cave, mainiacjoe_overflow_catwalk,
          mainiacjoe_overflow_alcove_4, minmay_temple_entry_purple_smoke,
          cheibrodos_sewer_entry_bend, hellmonk_ghost_happy_afterlife,
          serial_bayou_lagoon_a, uniq_sigmund
D:6:      layout_basic, kennysheep_minor_cross, grunt_ministairs_12,
          serial_bayou_pond_d, uniq_menkaure
Temple:   cyrus_circular_temple

Skill      XL: |  1  2  3  4  5  6  7  8 |
---------------+-------------------------+-----
Stealth        | 1 2 3 4 |  4.5
Fighting       | 3 4 5 6 |  6.4
Dodging        | 3 4 5 |  5.9
Ranged Weapons | 5 6 7 |  7.0

Action                     |  1- 3 |  4- 6 |  7- 9 || total
---------------------------+-------+-------+-------++-------
   Fire: Shortbow          |   111 |   171 |   168 ||   450
  Evoke: Wand              |       |       |    13 ||    13
    Use: Scroll            |     2 |     8 |    12 ||    22
         Potion            |       |       |     1 ||     1
 Armour: Leather armour    |    12 |    40 |    18 ||    70
  Dodge: Dodged            |    31 |    73 |    68 ||   172

Table legend: (Time is in decaauts)
 A = Elapsed time spent in this place.
 B = Non-inter-level travel time spent in this place.
 C = Inter-level travel time spent in this place.
 D = Time resting spent in this place.
 E = Time spent auto-exploring this place.
 F = Levels seen in this place.
 G = Mean time per level.
                   A        B        C        D        E       F      G
               +--------+--------+--------+--------+--------+-----+--------+
         Total |   4389 |   4235 |    154 |     22 |   3100 |   8 |  548.6 |
       Dungeon |   3932 |   3792 |    140 |     22 |   2838 |   6 |  655.3 |
        Temple |     44 |     30 |     14 |      0 |     10 |   1 |   44.0 |
         Sewer |    413 |    413 |      0 |      0 |    251 |   1 |  413.0 |
               +--------+--------+--------+--------+--------+-----+--------+

Top non-repeatable levels by time:
     D:5: 1175 daAuts
     D:4: 748 daAuts
     D:1: 675 daAuts
     D:2: 673 daAuts
     D:3: 622 daAuts
   Sewer: 413 daAuts
  Temple: 44 daAuts
     D:6: 37 daAuts

Levels and vault maps discovered:
D:1:      dpeg_arrival_shrine, layout_rooms, dk_noncrumbling_3,
          minmay_misc_feat_plants, minmay_hexomino_c4
D:2:      layout_basic, basic_altar, chequers_hall_statues_wall_a
D:3:      layout_basic, kennysheep_generic_room_4, uniq_robin
D:4:      layout_rooms, jmf_multi_god_temple, kennysheep_small_square,
          uniq_natasha
D:5:      layout_layer_cave, mainiacjoe_overflow_catwalk,
          mainiacjoe_overflow_alcove_4, minmay_temple_entry_purple_smoke,
          cheibrodos_sewer_entry_bend, hellmonk_ghost_happy_afterlife,
          serial_bayou_lagoon_a, uniq_sigmund
D:6:      layout_basic, kennysheep_minor_cross, grunt_ministairs_12,
          serial_bayou_pond_d, uniq_menkaure
Temple:   cyrus_circular_temple

Table legend: (Time is in decaauts)
 A = Elapsed time spent in this place.
 B = Non-inter-level travel time spent in this place.
 C = Inter-level travel time spent in this place.
 D = Time resting spent in this place.
 E = Time spent auto-exploring this place.
 F = Levels seen in this place.
 G = Mean time per level.
                   A        B        C        D        E       F      G
               +--------+--------+--------+--------+--------+-----+--------+
         Total |   4389 |   4235 |    154 |     22 |   3100 |   8 |  548.6 |
       Dungeon |   3932 |   3792 |    140 |     22 |   2838 |   6 |  655.3 |
        Temple |     44 |     30 |     14 |      0 |     10 |   1 |   44.0 |
         Sewer |    413 |    413 |      0 |      0 |    251 |   1 |  413.0 |
               +--------+--------+--------+--------+--------+-----+--------+

Top non-repeatable levels by time:
     D:5: 1175 daAuts
     D:4: 748 daAuts
     D:1: 675 daAuts
     D:2: 673 daAuts
     D:3: 622 daAuts
   Sewer: 413 daAuts
  Temple: 44 daAuts
     D:6: 37 daAuts

Table legend:
 A = Kills in this place as a percentage of kills in the entire game.
 B = Kills by you in this place as a percentage of kills by you in the entire game.
 C = Kills by friends in this place as a percentage of kills by friends in the entire game.
 D = Other kills in this place as a percentage of other kills in the entire game.
 E = Experience gained in this place as a percentage of experience gained in the entire game.
 F = Experience gained in this place divided by the number of levels of this place that you have seen.
                   A       B       C       D       E      F
               +-------+-------+-------+-------+-------+----------------------
         Total | 100.0 | 100.0 |   N/A |   N/A | 100.0 | 230.1
       Dungeon |  85.8 |  85.8 |   N/A |   N/A |  91.0 | 279.2
         Sewer |  14.2 |  14.2 |   N/A |   N/A |   9.0 | 166.0
               +-------+-------+-------+-------+-------+----------------------
